 Dungeon Crawl Stone Soup version 0.23.2-1-ga50397a6bc (webtiles) character file.

Game seed: 929053049629922913

129 Freyura the Slasher (level 4, -8/37 HPs)
             Began as a Demonspawn Berserker on May 13, 2019.
             Was a Believer of Trog.
             Mangled by an orc
             ... wielding a +0 trident
              (10 damage)
             ... on level 3 of the Dungeon.
             The game lasted 00:08:16 (2834 turns).

Freyura the Slasher (Demonspawn Berserker)          Turns: 2834, Time: 00:08:17

Health: -8/37      AC:  3    Str: 17    XL:     4   Next: 88%
Magic:  4/4        EV: 12    Int:  8    God:    Trog [**....]
Gold:   137        SH:  0    Dex: 14    Spells: 3/3 levels left

rFire    . . .     SeeInvis .   a - +0 falchion
rCold    . . .     Gourm    .   (no shield)
rNeg     . . .     Faith    .   e - +0 leather armour
rPois    .         Spirit   .   (helmet restricted)
rElec    .         Reflect  .   (no cloak)
rCorr    .         Harm     .   (no gloves)
MR       .....     Rnd*Tele +   (no boots)
Stlth    ++........             (no amulet)
HPRegen  0.12/turn              k - ring of stealth
MPRegen  0.09/turn              m - ring of teleportation (curse)

@: berserk cooldown, slowed, very slow
A: antennae 2, demonic guardian 1
a: Berserk, Trog's Hand, Renounce Religion


You were on level 3 of the Dungeon.
You worshipped Trog.
Trog was pleased with you.
You were near starving.

You visited 1 branch of the dungeon, and saw 3 of its levels.

You collected 137 gold pieces.

Inventory:

Hand Weapons
 a - a +0 falchion (weapon)
Armour
 e - a +0 leather armour (worn)
Jewellery
 k - a ring of stealth (left hand)
 m - a cursed ring of teleportation (right hand)
Scrolls
 b - 2 scrolls of immolation {unknown}
 f - a scroll of magic mapping {unknown}
 g - a scroll of amnesia {unknown}
 i - 2 scrolls of identify {unknown}
 j - a scroll of remove curse {unknown}
Potions
 d - a potion of cancellation {unknown}
 h - a potion of degeneration {unknown}
 l - a potion of haste {unknown}
Comestibles
 c - 8 rations


   Skills:
 + Level 3.6 Fighting
 * Level 4.2 Long Blades
 + Level 2.5 Armour
 + Level 2.1 Dodging


You had 3 spell levels left.
You didn't know any spells.
Your spell library was empty.

Dungeon Overview and Level Annotations

Branches:
Dungeon (3/15)

Altars:
Xom


Innate Abilities, Weirdness & Mutations

You have a pair of antennae on your head.
A weak demonic guardian rushes to your aid.


Message History

The hobgoblin no longer looks unusually strong.
The orc hits you with a +0 trident.
* * * LOW HITPOINT WARNING * * *
The orc barely misses you.
You feel a strong urge to attack something.
Things that are here:
a +0 club; a +0 hunting sling; 7 stones You are no longer berserk.
You are exhausted.
You feel yourself slow down.
You hit the hobgoblin but do no damage. The hobgoblin barely misses you.
You hit the hobgoblin.
You kill the hobgoblin!
Trog accepts your kill.
You hit the goblin.
You kill the goblin!
Trog accepts your kill. The orc misses you.
The orc hits you from afar with a +0 trident!
You die...

# .... #o# #.....
#(# ### ##. ... #†#
... .....# #.# ###
#.#.#########.######
#..)................
#o# ##############
#)# #@# #.#
#.######### .
##.........# ..
#.(........# ...
#..........########
#....(...(....#
#..)..........#
#.............#


You could see an orc.

Vanquished Creatures
  Robin (D:3)
  3 adders
  2 oozes
  A worm (D:2)
  2 dart slugs (D:1)
  3 orcs (D:3)
  6 bats
  3 giant cockroaches
  13 goblins
  6 hobgoblins
  12 jackals (D:1)
  7 frilled lizards
  5 kobolds
64 creatures vanquished.

Vanquished Creatures (collateral kills)
  A goblin (D:3)
  A hobgoblin (D:3)
2 creatures vanquished.

Grand Total: 66 creatures vanquished

Notes
Turn   | Place    | Note
-------+----------+-------------------------------------------
     0 | D:1      | Freyura the Demonspawn Berserker began the quest for the
                  | Orb.
     0 | D:1      | Reached XP level 1. HP: 18/18 MP: 1/1
   231 | D:1      | Reached skill level 3 in Long Blades
   231 | D:1      | Gained mutation: You have a pair of small antennae on your
                  | head. [demonic ancestry]
   231 | D:1      | Reached XP level 2. HP: 16/24 MP: 2/2
   517 | D:1      | Gained mutation: You have a pair of antennae on your head.
                  | [demonic ancestry]
   517 | D:1      | Reached XP level 3. HP: 13/29 MP: 3/3
   721 | D:1      | Reached ** piety under Trog
  1672 | D:2      | Gained mutation: A weak demonic guardian rushes to your
                  | aid. [demonic ancestry]
  1672 | D:2      | Reached XP level 4. HP: 28/35 MP: 4/4
  2182 | D:3      | Found a shimmering altar of Xom.
  2532 | D:3      | Reached skill level 4 in Long Blades
  2715 | D:3      | Noticed Robin
  2813 | D:3      | Killed Robin
  2828 | D:3      | HP: 2/55 [orc/+0 trident (4)]
  2834 | D:3      | Mangled by an orc

Skill      XL: |  1  2  3  4 |
---------------+-------------+-----
Long Blades    | 3 4 |  4.2
Armour         | 2 |  2.5
Dodging        | 2 |  2.1
Fighting       | |  3.6

Action                   |  1- 3 |  4- 6 || total
-------------------------+-------+-------++-------
Melee: Falchion          |   136 |    79 ||   215
Invok: Berserk           |     3 |     2 ||     5
 Stab: Sleeping          |     1 |     1 ||     2
  Eat: Chunk             |     5 |     1 ||     6
       Ration            |       |     1 ||     1
Armor: Animal skin       |     6 |       ||     6
       Leather armour    |    19 |    18 ||    37
Dodge: Dodged            |    98 |    86 ||   184
       Rpst.: Falchion   |    34 |    23 ||    57
